 Dungeon Crawl Stone Soup version 0.30-a0-722-g3e6e8c874d (webtiles) character file.

Game seed: 12876311430647999361

27631 Arximoufas the Stormcaller (level 13, -2/68 HPs)
             Began as a Tengu Conjurer on Jan 27, 2023.
             Was a Follower of Vehumet.
             Slain by a black mamba (13 damage)
             ... on level 1 of the Snake Pit on Jan 28, 2023.
             The game lasted 02:52:45 (36728 turns).

Arximoufas the Stormcaller (Tengu Conjurer)        Turns: 36728, Time: 02:52:46

Health: -2/68      AC:  7    Str:  6    XL:     13   Next: 33%
Magic:  2/24       EV: 17    Int: 22    God:    Vehumet [*.....]
Gold:   1041       SH:  5    Dex: 18    Spells: 10/30 levels left

rFire   . . .      SeeInvis +    i - +2 short sword (protect)
rCold   . . .      Faith    .    (no shield)
rNeg    . . .      Spirit   .    a - +2 robe {Will+}
rPois   .          Reflect  +    (helmet restricted)
rElec   .          Harm     .    (no cloak)
rCorr   .          Rampage  .    l - +2 pair of gloves
Will    +....                    (boots unavailable)
Stlth   ++++                     D - amulet of reflection
HPRegen 0.31/turn                B - ring of wizardry
MPRegen 0.19/turn                U - ring of see invisible

@: lethally poisoned (-2 -> -43), flying quickly and evasively, quick
A: beak, talons 3, nimble flight, agile 1, low MP 1, mutation resistance 1
a: Renounce Religion


You were on level 1 of the Snake Pit.
You worshipped Vehumet.
Vehumet was aware of your devotion.
You visited 5 branches of the dungeon, and saw 18 of its levels.
You also visited: Ossuary.

You collected 1041 gold pieces.

Inventory:

Hand Weapons
 i - a +2 short sword of protection (weapon)
Missiles
 d - 6 curare-tipped darts (quivered)
 f - 66 poisoned darts
Armour
 a - a +2 robe of willpower (worn)
 l - a +2 pair of gloves (worn)
 z - an orb of guile
 G - a scarf of shadows
 R - a +0 buckler
 W - a +2 robe of fire resistance
 Z - a +2 robe of cold resistance
Magical Staves
 A - a staff of cold
 I - a staff of poison
 L - a staff of fire
Jewellery
 c - a +5 ring of evasion
 n - a ring of positive energy
 B - a ring of wizardry (left hand)
 D - an amulet of reflection (around neck)
 M - a ring of willpower
 U - a ring of see invisible (right hand)
Wands
 H - a wand of polymorph (6)
 O - a wand of roots (1)
Scrolls
 k - a scroll of amnesia
 m - 2 scrolls of noise {unknown}
 o - 3 scrolls of enchant armour
 s - 3 scrolls of immolation {unknown}
 t - 2 scrolls of magic mapping {unknown}
 v - 2 scrolls of enchant weapon {unknown}
 w - 3 scrolls of poison
 x - a scroll of identify
 y - 3 scrolls of fog {unknown}
 E - 2 scrolls of silence {unknown}
 N - 2 scrolls of teleportation
 P - 2 scrolls of butterflies {unknown}
 X - a scroll of vulnerability
 Y - a scroll of acquirement {unknown}
Potions
 b - 2 potions of haste
 e - 2 potions of berserk rage {unknown}
 g - 3 potions of mutation
 h - a potion of ambrosia
 j - 6 potions of heal wounds
 p - a potion of resistance {unknown}
 q - 2 potions of lignification {unknown}
 r - a potion of might {unknown}
 u - 2 potions of attraction {unknown}
 C - 2 potions of degeneration {unknown}
 F - 2 potions of brilliance {unknown}
 J - a potion of magic
 K - a potion of cancellation {unknown}
 T - a potion of invisibility {unknown}
 V - a potion of curing


   Skills:
 - Level 3.0 Fighting
 - Level 5.0 Dodging
 + Level 6.7 Stealth
 - Level 9.0 Spellcasting
 - Level 16.0 Conjurations
 - Level 2.0 Hexes
 - Level 3.0 Translocations
 - Level 17.0 Air Magic
 - Level 3.0 Evocations


You had 10 spell levels left.
You knew the following spells:

 Your Spells              Type           Power      Damage    Failure   Level
a - Magic Dart            Conj           100%       1d8       0%          1
b - Iskenderun's Mystic   Conj/Tloc      51%        2d11      1%          4
c - Shock                 Conj/Air       100%       1d9       0%          1
d - Swiftness             Air            71%        N/A       0%          3
e - Airstrike             Air            35%        2d(6-22)  1%          4
f - Dazzling Flash        Conj/Hex       98%        N/A       1%          3
g - Fulminant Prism       Conj/Hex       24%        3d12      1%          4

Your spell library contained the following spells:

 Spells                   Type           Power      Damage    Failure   Level
 Sandblast                Erth           18%        2d7       2%          1
 Searing Ray              Conj           100%       2d8       0%          2
 Ensorcelled Hibernation  Hex/Ice        28%        N/A       2%          2
 Passwall                 Tmut/Erth      7%         N/A       4%          2
 Yara's Violent Unravell  Hex/Tmut       7%         3d5       43%         5
 Enfeeble                 Hex            9%         N/A       100%        7


Dungeon Overview and Level Annotations

Branches:
Dungeon (11/15)            Temple (1/1) D:4            Lair (4/5) D:8
 Shoals (0/4) Lair:3        Snake (1/4) Lair:3        Slime (0/5) Lair:4
    Orc (1/2) D:11        Ossuary (visited)

Altars:
Ashenzari
Cheibriados
Dithmenos
Elyvilon
Fedhas
Gozag
Hepliaklqana
Kikubaaqudgha
Makhleb
Nemelex Xobeh
Okawaru
Qazlal
Ru
Sif Muna
Trog
Uskayaw
Vehumet
Wu Jian
Xom
Yredelemnul
Zin
The Shining One
Jiyva

Annotations:
D:11 exclusion: oklob plant
Orc:1 Josephine


Innate Abilities, Weirdness & Mutations

You have a beak for a mouth.
You have claws for feet.
Your magical nature lets you fly swiftly and evasively.
You are agile. (Dex +4, Str/Int -1)
Your magical capacity is low. (-10% MP)
You are somewhat resistant to further mutation.


Message History

The black mamba is almost dead.
The black mamba bites you!
You are poisoned.
The black mamba poisons you!
Aiming: Magic Dart (safe; 0% risk of failure)
Press: ? - help, Q - select action, (/) - cycle Shift-Dir - straight line, f/p - black mamba
Aim: a black mamba (almost dead, 100% to hit)
The magic dart hits the black mamba.
The black mamba is almost dead.
You feel very sick. The black mamba bites you.
You block the black mamba's attack.
Aiming: Magic Dart (safe; 0% risk of failure)
Press: ? - help, Q - select action, (/) - cycle Shift-Dir - straight line, f/p - black mamba
Aim: a black mamba (almost dead, 100% to hit)
The magic dart hits the black mamba but does no damage.
The black mamba is almost dead.
You feel very sick. The black mamba bites you.
You are more poisoned.
The black mamba poisons you!
Okay, then.
Throw: 8 darts (curare)
Press: ? - help, Q - select action, (/) - cycle Shift-Dir - straight line, f/p - black mamba
Aim: a black mamba (almost dead, 44% to hit)
You throw a curare-tipped dart.
The curare-tipped dart closely misses the black mamba.
You feel extremely sick. The black mamba bites you!
You are more poisoned.
The black mamba poisons you! The black mamba closely misses you.
Throw: 7 darts (curare)
Press: ? - help, Q - select action, (/) - cycle Shift-Dir - straight line, f/p - black mamba
Aim: a black mamba (almost dead, 44% to hit)
You throw a curare-tipped dart.
The curare-tipped dart hits the black mamba.
The black mamba is almost dead.
* * * LOW HITPOINT WARNING * * *
You feel extremely sick. The black mamba completely misses you.
The black mamba bites you!
You die...

. ####.. #..(....
##........
###.........#
#....#....).#
#>..###).....
##S.##.....#
###@##.S.....#
##...##.#....##
##..<##.......#
###.........#..###
##..###...###..#..##
#...#...............#
#.................###
#...#.....##..###..#
#..###..###...# .##


You could see a black mamba.

Vanquished Creatures
  Fannar (Lair:2)
  A hydra (Lair:3)
  Erica (D:8)
  Amaemon (Lair:2)
  Nergalle (D:11)
  A sixfirhy (D:10)
  A cyclops (D:11)
  Pikel (D:8)
  2 manticores (D:11)
  2 black mambas
  6 cane toads
  An unseen horror (D:11)
  A rime drake (D:8)
  An orange demon (Lair:2)
  6 komodo dragons
  An ice devil (D:10)
  A red devil (D:10)
  3 trolls
  A hellwing (D:10)
  A polar bear (Lair:2)
  Prince Ribbit (D:8)
  6 blink frogs
  6 dream sheep
  5 wyverns
  22 yaks
  A vampire (D:11)
  Eustachio (D:5)
  A wraith (D:11)
  A basilisk (Lair:4)
  A neqoxec (D:10)
  4 vampire mosquitoes
  2 chaos spawn (D:10)
  A steam dragon (D:8)
  An acid dragon (D:10)
  5 nagas
  3 water moccasins
  2 sky beasts
  3 black bears
  5 ice beasts
  6 orc warriors
  An ogre (D:6)
  13 wolves
  4 centaurs
  A lemure (D:8)
  3 phantoms
  An elf zombie (Ossuary)
  4 kobold brigands
  3 necrophages
  7 bullfrogs
  4 scorpions
  17 wights
  21 killer bees
  5 howler monkeys
  A quasit (D:10)
  4 hounds
  A human zombie (Ossuary)
  A jelly (D:6)
  8 orc priests
  A gnoll bouda (D:5)
  13 orc wizards
  4 iguanas
  2 mummies (Ossuary)
  18 gnolls
  7 adders
  2 white imps
  An ufetubus (D:4)
  2 adder zombies (Ossuary)
  3 worms
  5 dart slugs
  45 orcs
  10 endoplasms
  2 giant cockroaches
  15 goblins
  14 hobgoblins
  2 quokkas
  3 ball pythons
  4 bats
  A frilled lizard (D:1)
  A goblin zombie (Ossuary)
  11 hobgoblin zombies (Ossuary)
  3 jackal zombies (Ossuary)
  30 kobolds
  13 kobold zombies (Ossuary)
  5 orc zombies (Ossuary)
  6 rats
433 creatures vanquished.

Vanquished Creatures (others)
  A killer bee (Lair:1)
  A kobold (D:7)
  A bush (Lair:3)
  5 demonic plants (D:10)
  2 fulminant prisms (Lair:3)
  21 fungi
  37 plants
68 creatures vanquished.

Grand Total: 501 creatures vanquished

Notes
Turn   | Place    | Note
-------+----------+-------------------------------------------
     0 | D:1      | Arximoufas the Tengu Conjurer began the quest for the Orb.
     0 | D:1      | Reached XP level 1. HP: 10/10 MP: 4/4
   148 | D:1      | Reached XP level 2. HP: 15/15 MP: 0/6
  1092 | D:2      | Reached XP level 3. HP: 19/19 MP: 0/7
  1611 | D:2      | Reached XP level 4. HP: 21/24 MP: 3/8
  1669 | D:2      | Learned a level 4 spell: Iskenderun's Mystic Blast
  2435 | D:3      | Gained mutation: Your magical nature lets you fly swiftly
                  | and evasively. [Tengu growth]
  2435 | D:3      | Reached XP level 5. HP: 23/28 MP: 2/10
  3405 | D:4      | Reached skill level 1 in Translocations
  3504 | D:4      | Reached XP level 6. HP: 32/32 MP: 7/11
  3553 | D:4      | Found a staircase to the Ecumenical Temple.
  3562 | Temple   | Entered the Ecumenical Temple
  3562 | Temple   | Found a transporter.
  3562 | Temple   | Found a transporter.
  3564 | Temple   | Found a transporter.
  3564 | Temple   | Found a transporter.
  3958 | D:4      | Found a sacrificial altar of Ru.
  4149 | D:4      | Reached XP level 7. HP: 36/36 MP: 7/12
  5305 | D:4      | Learned a level 1 spell: Shock
  5589 | D:4      | Found a shadowy altar of Dithmenos.
  6147 | D:5      | Entered Level 5 of the Dungeon
  6314 | D:5      | Reached skill level 1 in Air Magic
  6653 | D:5      | Reached skill level 2 in Air Magic
  6914 | D:5      | Reached XP level 8. HP: 41/41 MP: 5/13
  7215 | D:5      | Reached skill level 5 in Stealth
  7301 | D:5      | Reached skill level 3 in Air Magic
  7464 | D:5      | Noticed Eustachio
  7483 | D:5      | Found a snail-covered altar of Cheibriados.
  7808 | D:5      | Noticed a yak
  7808 | D:5      | Noticed a yak
  7809 | D:5      | Noticed a yak
  7809 | D:5      | Noticed a yak
  7845 | D:4      | Learned a level 3 spell: Swiftness
  8084 | D:5      | Killed Eustachio
  8085 | D:5      | Reached skill level 10 in Conjurations
  8085 | D:5      | Reached skill level 4 in Air Magic
  8244 | D:5      | Reached skill level 5 in Air Magic
  8523 | D:5      | Gained mutation: Your magical capacity is low. (-10% MP)
                  | [potion of mutation]
  8523 | D:5      | Gained mutation: You are agile. (Dex +4, Str/Int -1)
                  | [potion of mutation]
  8523 | D:5      | Gained mutation: You are somewhat resistant to further
                  | mutation. [potion of mutation]
  8523 | D:5      | HP: 2/41 [centaur (1)]
  8528 | D:5      | Reached skill level 6 in Air Magic
  8836 | D:5      | Learned a level 4 spell: Airstrike
  8854 | D:6      | Reached skill level 7 in Air Magic
  9309 | D:6      | Reached skill level 8 in Air Magic
  9311 | D:6      | Reached XP level 9. HP: 45/45 MP: 4/13
  9413 | D:6      | Found a sand-covered staircase.
  9422 | Ossuary  | Entered an ossuary
 10023 | Ossuary  | Reached skill level 9 in Air Magic
 11283 | D:7      | Reached skill level 1 in Fighting
 12180 | D:6      | Reached skill level 10 in Air Magic
 13905 | D:7      | Reached XP level 10. HP: 56/56 MP: 11/16
 14145 | D:7      | Found an ornate altar of the Wu Jian Council.
 14285 | D:7      | Reached skill level 5 in Dodging
 14285 | D:7      | Reached skill level 11 in Air Magic
 14682 | D:8      | Reached skill level 5 in Spellcasting
 14897 | D:8      | Identified the +1 leather armour of Otuludd {Regen+}
 14930 | D:8      | Reached skill level 1 in Evocations
 15032 | D:8      | Found a staircase to the Lair.
 15164 | D:8      | Noticed Erica
 15290 | D:8      | Reached skill level 12 in Air Magic
 15770 | D:8      | Noticed Prince Ribbit
 15865 | D:8      | Noticed Pikel
 15920 | D:8      | Killed Prince Ribbit
 17514 | D:9      | Found a burning altar of Makhleb.
 18092 | D:8      | Killed Pikel
 18446 | D:8      | Upgraded the game from 0.30-a0-721-ga6a225cb13 to
                  | 0.30-a0-722-g3e6e8c874d
 18475 | Lair:1   | Entered Level 1 of the Lair of Beasts
 18578 | D:8      | Reached XP level 11. HP: 57/60 MP: 6/17
 19623 | D:9      | Reached skill level 13 in Air Magic
 20830 | D:10     | Entered Level 10 of the Dungeon
 21263 | D:10     | Noticed a sixfirhy
 23147 | D:10     | Reached skill level 14 in Air Magic
 23537 | D:10     | Found a shimmering altar of Xom.
 23537 | D:10     | Found a blossoming altar of Fedhas.
 23544 | D:10     | Killed a sixfirhy
 24079 | D:10     | Reached skill level 15 in Conjurations
 24968 | D:11     | Noticed a manticore
 24975 | D:11     | Killed a manticore
 25048 | D:11     | Noticed a cyclops
 25083 | D:11     | Killed a cyclops
 25084 | D:11     | Reached skill level 15 in Air Magic
 25084 | D:11     | Reached XP level 12. HP: 64/64 MP: 1/18
 25278 | D:11     | Noticed Nergalle
 25662 | D:11     | Killed Nergalle
 27092 | D:11     | Found a staircase to the Orcish Mines.
 27291 | D:11     | Found a blossoming altar of Fedhas.
 27509 | D:8      | Killed Erica
 28206 | Temple   | Became a worshipper of Vehumet
 28406 | D:8      | Reached skill level 16 in Air Magic
 28827 | Lair:1   | Learned a level 3 spell: Dazzling Flash
 28832 | Lair:1   | Learned a level 4 spell: Fulminant Prism
 29003 | Lair:1   | Reached skill level 1 in Hexes
 30025 | Lair:2   | Noticed Fannar
 30788 | Lair:2   | Noticed Amaemon
 30952 | Lair:2   | Killed Amaemon
 31169 | Lair:2   | Killed Fannar
 32777 | Lair:3   | Reached XP level 13. HP: 68/68 MP: 15/24
 33193 | Lair:3   | Found a staircase to the Shoals.
 33223 | Lair:3   | Found a staircase to the Snake Pit.
 33698 | Lair:2   | Reached * piety under Vehumet
 33698 | Lair:2   | Offered knowledge of Sandblast by Vehumet.
 34788 | Lair:4   | Reached skill level 17 in Air Magic
 36138 | Lair:4   | Found a viscous altar of Jiyva.
 36138 | Lair:4   | Found a staircase to the Slime Pits.
 36473 | Orc:1    | Entered Level 1 of the Orcish Mines
 36473 | Orc:1    | Noticed Josephine
 36675 | Snake:1  | Entered Level 1 of the Snake Pit
 36728 | Snake:1  | Slain by a black mamba

Illustrated notes

Levels and vault maps discovered:
D:1:      dpeg_arrival_short_road, layout_loops_ring
D:2:      layout_basic
D:3:      layout_basic
D:4:      corexii_shantytown, layout_gridville, lemuel_crystal_altar,
          grunt_dithmenos_smoke
D:5:      layout_gridville, mainiacjoe_overflow_surrounded_room, uniq_eustachio
D:6:      layout_rooms, enter_ossuary_3
D:7:      layout_basic, nzn_wu_jian_council_hall
D:8:      layout_loops_corners, hellmonk_lair_entry_icy, minmay_misc_feat_iff,
          uniq_erica, uniq_pikel, uniq_prince_ribbit1
D:9:      layout_rooms, bloody_makhleb
D:10:     layout_cave_pods, chequers_temple_overflow_statue_of_worship,
          serial_demonic, serial_demonic_d, serial_demonic_a, serial_demonic_b,
          serial_demonic_f
D:11:     layout_cave_pools, david_orc_4, tgw_fedhas, uniq_nergalle
Temple:   hellmonk_temple_divided_pantheon
Lair:1:   layout_concentric_octagons, special_room [special_room_bee],
          serial_bayou_shore_a, grunt_megastairs_5, lemuel_fruit_fields
Lair:2:   layout_cave_pods, serial_bayou_pond_d, lemuel_fruit_tree,
          uniq_amaemon, uniq_fannar
Lair:3:   layout_small_grid, minmay_shoals_entry_hut,
          guppyfry_snake_entry_garden, serial_bayou_pond_a, patterned_corridor
Lair:4:   layout_small_grid, dpeg_slime_entry_enclosed, st_stairs_3,
          chequers_serial_rivers_micro_e, kennysheep_abandoned_house
Snake:1:  layout_onion_interference, grunt_megastairs_2, serial_bayou_shore_b
Orc:1:    layout_diamond_mine, serial_shops, shop_statue, shop, shop, shop,
          nicolae_shop_advertising_works [nicolae_subvault_shop_adworks],
          mines1_david, uniq_josephine

Skill      XL: |  1  2  3  4  5  6  7  8  9 10 11 12 13 |
---------------+----------------------------------------+-----
Conjurations   | 6 7 8 9 10 12 15 16 | 16.0
Stealth        | 3 4 5 6 |  6.7
Translocations | 1 2 3 |  3.0
Spellcasting   | 3 4 5 8 9 |  9.0
Air Magic      | 2 8 10 12 15 16 17 | 17.0
Fighting       | 3 |  3.0
Dodging        | 4 5 |  5.0
Evocations     | 3 |  3.0
Hexes          | 2 |  2.0

Action                     |  1- 3 |  4- 6 |  7- 9 | 10-12 | 13-15 || total
---------------------------+-------+-------+-------+-------+-------++-------
  Melee: Short sword       |     1 |       |     1 |     5 |     1 ||     8
         Peck              |       |       |       |     4 |       ||     4
  Throw: Dart              |       |       |     1 |    27 |     9 ||    37
         Throwing net      |       |       |       |     2 |       ||     2
   Cast: Magic Dart        |    68 |   136 |   459 |   187 |     7 ||   857
         Airstrike         |       |       |    41 |   305 |    89 ||   435
         Swiftness         |       |       |     5 |    14 |     2 ||    21
         Iskenderun's Myst |       |       |     3 |     6 |       ||     9
         Shock             |       |       |     1 |       |       ||     1
         Fulminant Prism   |       |       |       |     1 |     1 ||     2
         Dazzling Flash    |       |       |       |       |     1 ||     1
  Evoke: Wand              |       |       |     9 |     9 |     3 ||    21
    Use: Scroll            |       |       |     9 |    12 |     3 ||    24
         Potion            |       |       |     4 |     5 |       ||     9
 Armour: Robe              |     5 |     2 |    20 |    16 |    19 ||    62
  Dodge: Dodged            |     7 |     2 |   129 |   174 |    54 ||   366
  Block: Other             |       |       |    23 |    49 |    18 ||    90
         Reflection        |       |       |     3 |     2 |     1 ||     6

Table legend: (Time is in decaauts)
 A = Elapsed time spent in this place.
 B = Non-inter-level travel time spent in this place.
 C = Inter-level travel time spent in this place.
 D = Time resting spent in this place.
 E = Time spent auto-exploring this place.
 F = Levels seen in this place.
 G = Mean time per level.
                   A        B        C        D        E       F      G
               +--------+--------+--------+--------+--------+-----+--------+
         Total |  35128 |  32116 |   3012 |  15345 |   6280 |  19 | 1848.8 |
       Dungeon |  26077 |  23624 |   2453 |  10660 |   5275 |  11 | 2370.6 |
        Temple |     57 |     48 |      9 |      0 |      5 |   1 |   57.0 |
          Lair |   7604 |   7057 |    547 |   4066 |    999 |   4 | 1901.0 |
     Snake Pit |     48 |     48 |      0 |      0 |      0 |   1 |   48.0 |
  Orcish Mines |      1 |      1 |      0 |      0 |      0 |   1 |    1.0 |
       Ossuary |   1338 |   1338 |      0 |    618 |      0 |   1 | 1338.0 |
               +--------+--------+--------+--------+--------+-----+--------+

Top non-repeatable levels by time:
     D:8: 4919 daAuts
  Lair:2: 2970 daAuts
    D:10: 2874 daAuts
     D:4: 2842 daAuts
     D:5: 2787 daAuts
     D:9: 2746 daAuts
  Lair:3: 2437 daAuts
     D:6: 2327 daAuts
    D:11: 2000 daAuts
     D:7: 1996 daAuts
     D:2: 1603 daAuts
 Ossuary: 1338 daAuts
  Lair:1: 1319 daAuts
     D:3: 996 daAuts
     D:1: 981 daAuts
